AoeStats
← Numen

Enclosed

506127382Analyzed
1v1 RM · 21d ago on Sep 12, 2026· 28m 23s· 2 players
Game mode
Random Map
Map size
Tiny (2 player)
Population
200
Speed
Normal
Resources
Standard
Victory
Conquest
Starting age
Dark Age
Ending age
Imperial Age
RankedLock teamsTeams togetherTeam positionsShared explorationLock speedFull tech treeHidden civsTurbo modeCheats
Victory
Defeat
🇪🇸 Spanish · Spain
687
+13
🇬🇧 Mapuche · United Kingdom
632
-13
Jetto
4:58 Loom
9:19 Feudal Age
19:56 Castle Age
Numen
5:03 Loom
9:38 Feudal Age
10:17 Double-Bit Axe
12:20 Town Watch
12:34 Man-at-Arms
13:41 Scale Mail Armor
15:08 Forging
21:25 Wheelbarrow
24:01 Castle Age
23:52 Scale Barding Armor
24:56 Bloodlines
Connection lost

Rejoining the realm…

Still unreachable

The connection could not be restored.

Session expired

The server has moved on; the page needs a fresh start.